 Dungeon Crawl Stone Soup version 0.22-a0-565-gfc6459a (webtiles) character file.

104454 Amnesiac the Nimble (level 15, -8/83 HPs)
             Began as a Spriggan Wanderer on June 28, 2018.
             Was the Champion of Ru.
             Killed from afar by a halazid warlock (37 damage)
             ... with a bolt of cold
             ... in the Desolation of Salt.
             The game lasted 01:07:23 (22412 turns).

Amnesiac the Nimble (Spriggan Wanderer)            Turns: 22412, Time: 01:07:23

Health: -8/83      AC: 11    Str: 11    XL:     15   Next: 91%
Magic:  0/25       EV: 26    Int: 20    God:    Ru [******]
Gold:   289        SH:  9    Dex: 18    Spells: 11/25 levels left

rFire    + . .     SeeInvis +   b - +8 quick blade
rCold    . . .     Gourm    .   L - +0 buckler
rNeg     . . .     Faith    .   K - +0 acid dragon scales
rPois    .         Spirit   +   j - +2 hat
rElec    .         Reflect  .   g - +0 cloak
rCorr    +         Harm     .   (gloves unavailable)
MR       ++...                  (boots unavailable)
Stlth    ++++......             n - amulet of guardian spirit
HPRegen  1.23/turn              e - ring "Qixza" {*Contam +Inv rF+ MR+ SInv}
MPRegen  0.19/turn              R - +3 ring of slaying

@: brilliant, exhausted, very slightly contaminated, regenerating (expiring),
heavily drained, invisible, very quick
A: very small, unfitting armour, see invisible, herbivore, speed 3, slow
metabolism 2, hated by all, magic vulnerability 1, unskilled 1, inexperienced 1
a: Draw Out Power, Power Leap, Apocalypse, Renounce Religion


You were in the Desolation of Salt.
You worshipped Ru.
Ru was exalted by your worship.
You were not hungry.

You visited 4 branches of the dungeon, and saw 19 of its levels.
You also visited: Bailey and Desolation.

You collected 1886 gold pieces.
You spent 1597 gold pieces at shops.

Inventory:

Hand Weapons
 a - a +8 dagger of venom
 b - a +8 quick blade (weapon)
 F - a +0 blowgun
Missiles
 q - 11 curare-tipped needles
Armour
 g - a +0 cloak (worn)
 j - a +2 hat (worn)
 K - +0 acid dragon scales (worn)
 L - a +0 buckler (worn)
Jewellery
 e - the ring "Qixza" (left hand) {*Contam +Inv rF+ MR+ SInv}
   (You acquired it on level 12 of the Dungeon)

   [ring of protection from magic]

   It protects you from fire.
   It affects your resistance to hostile enchantments.
   It lets you see invisible.
   It lets you turn invisible.
   It causes magical contamination when unequipped.
 n - an amulet of guardian spirit (around neck)
 C - an uncursed ring of fire
 N - an uncursed ring of poison resistance
 R - a +3 ring of slaying (right hand)
Wands
 h - a wand of acid (16)
 k - a wand of flame (25)
 w - a wand of scattershot (5)
 A - a wand of paralysis (20)
 D - a wand of digging (12)
 E - a wand of iceblast (29)
 J - a wand of polymorph (26)
 O - a wand of disintegration (22)
Scrolls
 d - 9 scrolls of remove curse {!r}
 l - 5 scrolls of blinking {!r}
 p - 3 scrolls of identify {!r}
 s - 2 scrolls of vulnerability {!r}
 t - 2 scrolls of magic mapping {!r}
 u - 3 scrolls of fog {!r}
 x - 2 scrolls of enchant armour {!r}
 y - 6 scrolls of teleportation {!r}
 z - 3 scrolls of fear {!r}
 B - a scroll of silence {!r}
 H - a scroll of holy word {!r}
 M - 4 scrolls of torment {!r}
Potions
 i - a potion of haste {!q}
 m - 3 potions of brilliance {!q}
 o - 6 potions of curing {!q}
 r - 4 potions of lignification {!q}
 v - 5 potions of flight {!q}
 G - 2 potions of mutation {!q}
 P - a potion of invisibility {!q}
 Q - a potion of resistance {!q}
Miscellaneous
 I - a crystal ball of energy
Comestibles
 f - 17 rations


   Skills:
 + Level 11.2(9.5) Fighting
 - Level 10.0(8.3) Short Blades
 - Level 10.0(8.3) Armour
 + Level 13.2(11.3) Dodging
 - Level 10.0(8.3) Stealth
 - Level 11.0(9.2) Shields
 - Level 5.5(4.0) Spellcasting
 - Level 5.0(3.5) Charms
   Level 1.3(0.0) Translocations
   Level 4.5(3.0) Transmutations
 + Level 12.7(10.9) Evocations


You had 11 spell levels left.
You knew the following spells:

 Your Spells              Type           Power        Failure   Level  Hunger
a - Poisonous Vapours     Pois/Air       ###...       3%          2    #......
b - Spectral Weapon       Hex/Chrm       ###.....     3%          3    ###....
e - Mephitic Cloud        Conj/Pois/Air  ###.....     7%          3    ###....
r - Regeneration          Chrm/Necr      ###.......   3%          3    ###....
s - Conjure Flame         Conj/Fire      ###.....     7%          3    ###....

Your spell library contained the following spells:

 Spells                   Type           Power        Failure   Level  Hunger
 Freezing Cloud           Conj/Ice/Air   ###.......   89%         6    #######
 Ring of Flames           Chrm/Fire      ###.......   99%         7    #######
 Spider Form              Tmut/Pois      ###.......   3%          3    ###....
 Blade Hands              Tmut           ####......   16%         5    ######.
 Ice Form                 Ice/Tmut       ###.....     11%         4    ####...
 Sticks to Snakes         Tmut           ####....     1%          2    #......
 Shroud of Golubria       Chrm/Tloc      ###.......   1%          2    #......
 Beastly Appendage        Tmut           ####..       1%          1    None
 Infusion                 Chrm           ####         1%          1    None
 Song of Slaying          Chrm           ####....     1%          2    #......


Dungeon Overview and Level Annotations

Branches:
Dungeon (15/15)            Temple (1/1) D:5            Lair (0/6) D:8
    Orc (2/2) D:12            Elf (1/3) Orc:2        Vaults (0/5) D:14
 Depths (0/5) D:15

Altars:
Ashenzari
Cheibriados
Dithmenos
Elyvilon
Fedhas
Gozag
Hepliaklqana
Kikubaaqudgha
Makhleb
Nemelex Xobeh
Okawaru
Qazlal
Ru
Sif Muna
Trog
Uskayaw
Vehumet
Wu Jian
Xom
Yredelemnul
Zin
The Shining One

Shops:
D:5 *   D:10 !*=*[   D:11 ?}   Orc:2 (}**   Elf:1 :

Annotations:
Orc:2 3 runed doors, Amnesiac's ghost, journeyman VSBe


Innate Abilities, Weirdness & Mutations

You are very small and have problems with some larger weapons.
You are too small for most types of armour.
You have supernaturally acute eyesight. (SInv)
You are a herbivore.
You cover ground extremely quickly.
You need to consume almost no food.
You are hated by all.
You are slightly vulnerable to magic. (MR-)
You are somewhat unskilled. (-1 Apt)
You are somewhat inexperienced. (-2 XL)


Message History

Your skin crawls.
The saltling is stunned by your will and fails to attack.
A saltling comes into view.
The servant of whispers shouts!
Press: ? - help, v - describe, . - travel
Here: a servant of whispers, wielding a club and wearing a robe The floor.
Unknown command.
Put on which piece of jewellery? (? for menu, Esc to quit)
Okay, then.
Put on which piece of jewellery? (? for menu, Esc to quit)
You're wearing all the rings you can.
Remove which one? (? for menu, Esc to cancel) < or
e - the ring "Qixza" {*Contam +Inv rF+ MR+ SInv} > or
C - a ring of fire You remove your ring of fire.
The saltling no longer looks unusually strong.
R - a +3 ring of slaying (right hand)
Okay, then.
Unknown command.
Unknown command.
Unknown command.
Unknown command.
Press: ? - help, v - describe, . - travel
Here: a servant of whispers, wielding a club and wearing a robe The floor.
Unknown command.
Press: ? - help, v - describe, . - travel
Here: a halazid warlock (hasn't noticed you)
The floor.
Really quaff
P - 2 potions of invisibility {!q}?
You fade into invisibility!
Your skin is crawling a little less now.
The halazid warlock shouts!
You are very lightly contaminated with residual magic.
Okay, then.
The halazid warlock points at the servant of whispers and mumbles some strange words.
The servant of whispers's animating energy erupts into ghostly fire!
The ghostly flame explodes!
You hear a shout! x2
Press: ? - help, v - describe, . - travel
Here: a halazid warlock The floor.
Evoke which item? (* to show all) (? for menu, Esc to quit)
Aiming: Paralyse
Press: ? - help, Shift-Dir - straight line, f - halazid warlock
Aim: a halazid warlock (chance to defeat MR: 12%)
Okay, then.
Evoke which item? (* to show all) (? for menu, Esc to quit)
Okay, then.
Press: ? - help, v - describe, . - travel
Here: a halazid warlock The floor.
Evoke which item? (* to show all) (? for menu, Esc to quit)
Aiming: Corrosive Bolt
Press: ? - help, Shift-Dir - straight line, f - halazid warlock
Aim: a halazid warlock The bolt of acid hits the halazid warlock.
The halazid warlock is splashed with acid.
The acid corrodes the halazid warlock!
The halazid warlock is moderately damaged.
The halazid warlock gestures at you while chanting.
The bolt of cold hits you!
You die...

§§.§§§§.§§..§§§§§§§§§p§.§§§§
§§§ §§§..§§.§8§§§§§.§.§§§§
§§§§§§§####p.####§§.§§ §§§§§.§#
#..# #.§§§§ §§§§§.§# ####
#..§§§ §§.§§.8###..8.###...§§
§§ §§§§§.....8....#.....§8
.§§§§§§§.§8.).88.8.#...§.§.
.§§§§§§§§§..@8###.... #..§§§
..§..§§§.§§§....# #### #§§§§
8........§......# #..# #§§§§§
.........L......####..####§§§§8
......8.................p..§§§§
......#....................§§§§
.................#.p.8...§#§§§§
....S...........#..LS8...§§§#§§
..................p.8.p.....§§


You could see a halazid warlock and 6 saltlings.

Vanquished Creatures
  Donald (Orc:2)
  A fire giant (D:15)
  An imperial myrmidon (Desolation)
  An orc warlord (Orc:1)
  Azrael (Orc:2)
  A halazid warlock (Desolation)
  Snorg (Orc:2)
  2 deep elf death magi (Elf:1)
  2 ragged hierophants (Desolation)
  A great orb of eyes (D:14)
  2 vault guards (D:14)
  A deep elf high priest (Elf:1)
  Josephine (Orc:2)
  A rakshasa (D:15)
  4 servants of whispers (Desolation)
  2 centaur warriors
  6 hydras
  3 two-headed ogres
  2 peacekeepers (Desolation)
  A dancing weapon (Elf:1)
  2 orc high priests (Elf:1)
  4 deep elf knights (Elf:1)
  Nergalle (D:12)
  4 skeletal warriors
  3 unseen horrors
  A wizard (D:14)
  The ghost of MothsLongingForFire the Cleaver, a novice HOMo of Beogh (D:6)
  3 ironbrand convokers (Desolation)
  A harpy (shapeshifter) (D:15)
  4 orc knights
  7 deep elf archers (Elf:1)
  Pikel (D:4)
  A harpy (D:11)
  An orb spider (shapeshifter) (D:15)
  15 deep elf magi (Elf:1)
  A necromancer (D:14)
  2 orc sorcerers
  A manticore (D:14)
  21 ugly things
  2 cyclopes
  2 centaur zombies
  3 guardian serpents (Desolation)
  2 gargoyles
  A yaktaur (D:14)
  2 kobold demonologists (D:9)
  3 meliai (D:15)
  5 trolls
  2 hornets
  Prince Ribbit (D:6)
  3 hippogriffs
  23 saltlings
  6 slime creatures (D:12)
  A wyvern (D:11)
  A spriggan (D:9)
  2 shadows
  19 humans (D:14)
  4 fire elementals (Orc:2)
  3 wraiths (Orc:2)
  8 yaks
  A golden eye (shapeshifter) (D:13)
  2 basilisks (D:15)
  3 hungry ghosts
  3 chaos spawn (D:10)
  2 vampire mosquitoes (D:15)
  4 hell hounds (Orc:2)
  2 wargs
  3 water moccasins
  2 soldier ants (D:14)
  3 acid dragons
  A slave (D:4)
  A black bear (D:5)
  55 orc warriors
  9 ice beasts
  6 phantoms
  An eye of draining (D:10)
  A necrophage (D:11)
  12 centaurs
  12 ogres
  A crocodile (D:14)
  9 bullfrogs
  An earth elemental (Elf:1)
  3 wyvern skeletons
  5 scorpions
  16 killer bees
  20 wights
  6 howler monkeys
  7 crimson imps
  A bullfrog zombie (D:12)
  2 jellies
  A gnoll shaman (D:8)
  5 hounds
  20 orc priests
  A bullfrog skeleton (D:9)
  An iguana (D:5)
  6 centaur skeletons
  15 orc wizards
  10 worker ants
  A killer bee zombie (D:9)
  A worker ant zombie (D:9)
  9 gnolls
  12 adders
  5 shadow imps
  2 oozes
  2 adder zombies
  3 dart slugs
  3 leopard geckos
  95 orcs
  7 bats
  7 giant cockroaches
  8 hobgoblins
  7 jackals
  5 quokkas
  3 ball pythons
  6 frilled lizards
  7 goblins
  A jackal skeleton (D:4)
  8 kobolds
  2 leopard gecko skeletons
  A leopard gecko zombie (D:9)
  3 rats
653 creatures vanquished.

Vanquished Creatures (collateral kills)
  An orc warrior (Bailey)
  A bullfrog (D:9)
  A wight (D:9)
  An orc (Bailey)
4 creatures vanquished.

Vanquished Creatures (others)
  A servant of whispers (Desolation)
  A two-headed ogre (D:11)
  A yaktaur (D:14)
  A howler monkey (D:7)
  4 orcs
  A kobold (D:9)
9 creatures vanquished.

Grand Total: 666 creatures vanquished

Notes
Turn   | Place    | Note
-------+----------+-------------------------------------------
     0 | D:1      | Amnesiac the Spriggan Wanderer began the quest for the Orb.
     0 | D:1      | Amnesiac set off with: a wand of flame (15), a +0 buckler, a +0 robe, a +0 dagger, a ration
     0 | D:1      | Reached XP level 1. HP: 10/10 MP: 7/7
   407 | D:1      | Reached XP level 2. HP: 7/14 MP: 9/9
   704 | D:2      | Found a sacrificial altar of Ru.
   717 | D:2      | Became a worshipper of Ru the Awakened
  1226 | D:2      | Reached XP level 3. HP: 7/18 MP: 10/10
  1959 | D:4      | Reached XP level 4. HP: 21/22 MP: 12/12
  2079 | D:4      | Noticed a slave
  2177 | D:3      | Learned a level 2 spell: Sticks to Snakes
  2791 | D:3      | Gained mutation: You are somewhat inexperienced. (-2 XL) [Ru sacrifice]
  2791 | D:3      | Reached XP level 3. HP: 18/18 MP: 11/11
  2791 | D:3      | Reached XP level 2. HP: 14/14 MP: 9/9
  2791 | D:3      | Reached * piety under Ru
  2791 | D:3      | Reached ** piety under Ru
  2876 | D:3      | Reached XP level 3. HP: 18/18 MP: 11/11
  3088 | D:3      | Reached XP level 4. HP: 6/22 MP: 3/12
  3778 | D:4      | Reached XP level 5. HP: 20/25 MP: 10/14
  3977 | D:4      | Reached skill level 1 in Short Blades
  4023 | D:4      | Noticed an ogre
  4225 | D:4      | Killed an ogre
  4225 | D:4      | Reached XP level 6. HP: 26/30 MP: 16/16
  4757 | D:4      | Noticed a slave
  4758 | D:4      | Noticed a slave
  4759 | D:4      | Noticed a slave
  4760 | D:4      | Noticed Pikel
  4781 | D:4      | Killed a slave
  4837 | D:4      | Killed Pikel
  4837 | D:4      | Reached XP level 7. HP: 16/33 MP: 10/17
  5012 | D:5      | Entered Level 5 of the Dungeon
  5163 | D:5      | Found Hiddyon's General Store.
  5166 | D:5      | Bought a scroll of magic mapping for 49 gold pieces
  5338 | D:5      | Found a staircase to the Ecumenical Temple.
  5586 | D:5      | Reached XP level 8. HP: 29/37 MP: 12/18
  5988 | Temple   | Entered the Ecumenical Temple
  6040 | Temple   | Gained mutation: You are somewhat unskilled. (-1 Apt) [Ru sacrifice]
  6040 | Temple   | Reduced skill Spellcasting to level 5
  6040 | Temple   | Reached *** piety under Ru
  6040 | Temple   | Reached **** piety under Ru
  6496 | D:6      | Noticed Prince Ribbit
  6508 | D:6      | Killed Prince Ribbit
  6683 | D:6      | Reached skill level 10 in Short Blades
  6758 | D:6      | Found a runed door.
  6763 | D:6      | Noticed MothsLongingForFire's ghost (novice HOMo)
  6829 | D:6      | Reached skill level 1 in Fighting
  6829 | D:6      | Reached XP level 9. HP: 41/41 MP: 18/18
  7048 | D:6      | Killed MothsLongingForFire's ghost
  7048 | D:6      | Reached skill level 3 in Dodging
  7048 | D:6      | Reached skill level 5 in Stealth
  7209 | D:7      | Reached skill level 4 in Dodging
  7438 | D:7      | Reached skill level 5 in Dodging
  7770 | D:8      | Found a staircase to the Lair.
  7897 | D:8      | Reached skill level 6 in Dodging
  7983 | D:8      | Gained mutation: You are slightly vulnerable to magic. (MR-) [Ru sacrifice]
  7983 | D:8      | Reached ***** piety under Ru
  8646 | D:9      | Reached XP level 10. HP: 45/45 MP: 19/19
  8662 | D:9      | Reached skill level 7 in Dodging
  8831 | D:9      | Found a flagged portal.
  8841 | D:9      | Got a pitted hand axe
  8846 | Bailey   | Identified a paperback manual
  8846 | Bailey   | Entered a bailey
  9270 | Bailey   | Reached skill level 8 in Dodging
  9681 | Bailey   | Reached skill level 10 in Stealth
  9742 | Bailey   | Found a roughly hewn altar of Beogh.
  9742 | Bailey   | Noticed an orc knight
  9744 | Bailey   | Killed an orc knight
  9744 | Bailey   | Reached skill level 9 in Dodging
  9830 | Bailey   | Reached skill level 10 in Dodging
 10116 | D:9      | Found an opulent altar of Gozag.
 10454 | D:9      | Noticed a sixfirhy
 10455 | D:9      | Reached skill level 5 in Shields
 10468 | D:10     | Entered Level 10 of the Dungeon
 10579 | D:9      | Gained mutation: You are hated by all. [Ru sacrifice]
 10579 | D:9      | Reached ****** piety under Ru
 10581 | D:9      | Noticed a soul eater
 10818 | D:10     | Reached XP level 11. HP: 49/49 MP: 20/20
 10827 | D:10     | Noticed a two-headed ogre
 10830 | D:10     | Killed a two-headed ogre
 10850 | D:10     | Found Noorijot's Antique Armour Emporium.
 10853 | D:10     | Bought a runed robe for 92 gold pieces
 10915 | D:10     | Found Joqok's General Store.
 10924 | D:10     | Bought a potion of heal wounds for 85 gold pieces
 10924 | D:10     | Bought a potion of mutation for 136 gold pieces
 11007 | D:10     | Found the -2 mace of Variability {chaos}
 11257 | D:10     | Found a shimmering altar of Xom.
 11290 | D:10     | Noticed an unseen horror
 11293 | D:10     | Killed an unseen horror
 11420 | D:10     | Found Cesom's General Store.
 11426 | D:10     | Bought a scroll of amnesia for 45 gold pieces
 11525 | D:10     | Found Rise's Jewellery Boutique.
 11726 | D:10     | Found Nurhazug's Distillery.
 11826 | D:11     | Noticed a two-headed ogre
 11865 | D:11     | Killed a two-headed ogre
 11894 | D:11     | Noticed Sonja
 11914 | D:11     | Noticed Sonja
 11914 | D:11     | Sonja changed into Sonja the harpy
 11931 | D:11     | Killed Sonja the harpy
 12090 | D:11     | Reached skill level 10 in Shields
 12125 | D:11     | Found Ojeupn's Gadget Shop.
 12165 | D:11     | Reached skill level 1 in Armour
 12477 | D:11     | Found Quseec's Magic Scroll Emporium.
 12483 | D:11     | Reached XP level 12. HP: 53/53 MP: 21/21
 12496 | D:11     | Bought a scroll of enchant weapon for 97 gold pieces
 12509 | D:11     | Noticed a two-headed ogre
 12554 | D:11     | Killed a two-headed ogre
 12706 | D:11     | Got a bloodstained quarterstaff
 13051 | D:12     | Found a blossoming altar of Fedhas.
 13175 | D:12     | Found a staircase to the Orcish Mines.
 13357 | D:12     | Reached XP level 13. HP: 57/57 MP: 22/22
 13421 | D:12     | Reached skill level 5 in Evocations
 13691 | D:12     | Identified 2 scrolls of acquirement {!r}
 13703 | D:12     | Got a crude jade ring
 13705 | D:12     | Identified the ring "Qixza" {*Contam +Inv rF+ MR+ SInv} (You acquired it on level 12 of the Dungeon)
 13735 | D:12     | Learned a level 3 spell: Regeneration
 13739 | D:12     | Learned a level 3 spell: Spectral Weapon
 13999 | Orc:1    | Entered Level 1 of the Orcish Mines
 13999 | Orc:1    | Noticed Nergalle
 14026 | D:12     | Killed Nergalle
 14996 | Orc:2    | Entered Level 2 of the Orcish Mines
 15278 | Orc:2    | Noticed Josephine
 15292 | Orc:2    | Noticed Azrael
 15302 | Orc:2    | Killed Azrael
 15302 | Orc:2    | Killed Josephine
 15379 | Orc:2    | Noticed Snorg
 15386 | Orc:2    | Killed Snorg
 15895 | Orc:1    | Noticed an orc warlord
 15917 | Orc:1    | Reached skill level 10 in Evocations
 16090 | Orc:1    | Killed an orc warlord
 16090 | Orc:1    | Reached skill level 5 in Fighting
 16233 | Orc:2    | Found a runed gate.
 16236 | Orc:2    | Found a runed gate.
 16236 | Orc:2    | Found a runed gate.
 16239 | Orc:2    | Noticed Amnesiac's ghost (journeyman VSBe)
 16607 | Orc:2    | Noticed Donald
 16614 | Orc:2    | Killed Donald
 16658 | Orc:2    | Found Gyoj's Gadget Boutique.
 16658 | Orc:2    | Found Vaostoir's Assorted Antiques.
 16660 | Orc:2    | Found Apufecza's General Store.
 16662 | Orc:2    | Found Asaykuan's Antique Weapon Shop.
 16667 | Orc:2    | Bought a long gold wand for 152 gold pieces
 16667 | Orc:2    | Bought a crooked ivory wand for 152 gold pieces
 16669 | Orc:2    | Bought a scroll of enchant weapon for 97 gold pieces
 16669 | Orc:2    | Bought a wand of iceblast (12) for 208 gold pieces
 16747 | Orc:2    | Found a staircase to the Elven Halls.
 16910 | Orc:2    | Bought a wand of digging (12) for 352 gold pieces
 16910 | Orc:2    | Bought a wand of disintegration (8) for 132 gold pieces
 17580 | D:13     | Found a portal to a secret trove of treasure.
 17758 | D:13     | Reached skill level 1 in Charms
 17758 | D:13     | Reached XP level 14. HP: 72/72 MP: 23/23
 18097 | D:14     | Reached skill level 5 in Charms
 18550 | D:14     | Noticed Nessos
 18554 | D:14     | Noticed Nessos
 18554 | D:14     | Nessos changed into Nessos the manticore
 18568 | D:14     | Killed Nessos the manticore
 19470 | D:14     | Found a gate to the Vaults.
 19571 | D:14     | Found a glowing silver altar of Zin.
 19574 | D:14     | Noticed an angel
 19591 | D:14     | Reached skill level 10 in Fighting
 19827 | D:15     | Entered Level 15 of the Dungeon
 19840 | D:15     | Reached skill level 10 in Armour
 19884 | D:15     | Found a hide-covered altar of Uskayaw.
 20143 | D:15     | Found a staircase to the Depths.
 20143 | D:15     | Noticed a fire giant
 20702 | D:15     | Reached XP level 15. HP: 80/80 MP: 15/24
 20965 | D:15     | Killed a fire giant
 20965 | D:15     | Reached skill level 11 in Dodging
 21368 | Elf:1    | Entered Level 1 of the Elven Halls
 21368 | Elf:1    | Found Qiotz's Book Shop.
 21595 | Elf:1    | Reached skill level 12 in Dodging
 21834 | Elf:1    | Found a ruined gateway.
 21839 | Desolati | Entered the Desolation of Salt
 21984 | Desolati | Noticed an imperial myrmidon
 22022 | Desolati | Noticed an imperial myrmidon
 22143 | Desolati | Got an ancient spear
 22147 | Desolati | Learned a level 2 spell: Poisonous Vapours
 22151 | Desolati | Learned a level 3 spell: Conjure Flame
 22155 | Desolati | Learned a level 3 spell: Mephitic Cloud
 22344 | Desolati | Reached skill level 13 in Dodging
 22344 | Desolati | Killed an imperial myrmidon
 22412 | Desolati | Killed from afar by a halazid warlock

Vault maps used:
D:1:      dpeg_arrival_tiny_i
D:2:      nicolae_ru_awakened_eye, first_ration, dk_noncrumbling_2
D:4:      uniq_pikel
D:5:      minmay_temple_entry_grid, serial_shops, nicolae_shop_behind_doors,
          st_stairs_6, minmay_misc_feat_diagonals
D:6:      ebering_ghost_sewer_d, uniq_prince_ribbit1
D:8:      dpeg_oklobed_lair
D:9:      enter_bailey_2, grunt_pizzeria,
          nicolae_gozag_cash_rules_everything_around_me
D:10:     serial_shops, nicolae_shop_statue_plus, kennysheep_little_box,
          kennysheep_mini, nicolae_shop_waterfront, nicolae_shop_behind_doors,
          minmay_guarded_unrand_variability
D:11:     serial_shops, kennysheep_mini_moat, nicolae_shop_stone, serial_undead,
          serial_undead_a, serial_undead_d, serial_undead_d, serial_undead_b,
          hex_large, minmay_misc_feat_columns, uniq_sonja
D:12:     orc_0_dummy, fedhas_altar_2
D:13:     nicolae_trove_entry_free_sample
D:14:     grunt_vaults_entry_tiered, zin_angel, nicolae_sextant,
          hangedman_decor_riveting, nrook_mini_vaults, uniq_nessos
D:15:     grunt_enter_depths_giant_problem, lemuel_tele_altar
Temple:   minmay_crystal_snake_temple
Orc:1:    uniq_nergalle
Orc:2:    st_orc_rangers, ebering_ghost_rock_garden, uniq_azrael,
          uniq_josephine, uniq_donald, uniq_snorg
Elf:1:    serial_shops, shop, portal_desolation_entry_salt, orc_legates,
          amethyst_killhole, patterned_corridor
Bailey:   bailey_polearm_2, bailey

Skill      XL: |  1  2  3  4  5  6  7  8  9 10 11 12 13 14 15 |
---------------+----------------------------------------------+-----
Evocations     | 2 3 4 10 12 | 12.7
Shields        | 2 6 10 11 | 11.0
Transmutations | 3 4 3 4 |  4.5
Spellcasting   | 6 5 |  5.5
Short Blades   | 2 7 8 10 | 10.0
Fighting       | 1 7 10 11 | 11.2
Stealth        | 3 8 10 | 10.0
Dodging        | 6 10 13 | 13.2
Armour         | 8 9 10 | 10.0
Charms         | 1 5 |  5.0
Translocations | |  1.3

Action                   |  1- 3 |  4- 6 |  7- 9 | 10-12 | 13-15 || total
-------------------------+-------+-------+-------+-------+-------++-------
Melee: Dagger            |   259 |   221 |   355 |   675 |  1168 ||  2678
       Quick blade       |       |       |       |       |    15 ||    15
 Fire: Arbalest          |       |       |       |    18 |       ||    18
 Cast: Sticks to Snakes  |     1 |       |     7 |    10 |       ||    18
       Regeneration      |       |       |       |       |     1 ||     1
Invok: Sacrifice Experie |     1 |       |       |       |       ||     1
       Sacrifice Skill   |       |       |     1 |       |       ||     1
       Sacrifice Essence |       |       |     1 |       |       ||     1
       Sacrifice Love    |       |       |       |     1 |       ||     1
       Power Leap        |       |       |       |     2 |    14 ||    16
       Apocalypse        |       |       |       |       |    19 ||    19
       Draw Out Power    |       |       |       |       |     1 ||     1
 Abil: Evoke Invisibilit |       |       |       |       |     1 ||     1
Evoke: Wand              |     4 |     6 |     1 |     1 |     7 ||    19
  Use: Scroll            |     5 |     9 |     8 |     5 |    12 ||    39
       Potion            |       |     4 |     1 |     1 |     5 ||    11
 Stab: Sleeping          |     7 |     5 |    17 |    24 |    14 ||    67
       Distracted        |       |       |     5 |     1 |     9 ||    15
       Invisible         |       |       |     1 |     5 |     7 ||    13
       Paralysed         |       |       |       |       |    28 ||    28
  Eat: Ration            |     2 |       |     2 |     2 |     8 ||    14
Armor: Robe              |    40 |    27 |    25 |    13 |       ||   105
       Acid dragon scale |       |       |       |    13 |    97 ||   110
Dodge: Dodged            |   157 |    85 |    93 |   254 |   564 ||  1153
Block: Buckler           |    63 |    48 |    56 |   131 |   320 ||   618

Table legend:
 A = Spawn XP
 B = Non-spawn XP
 C = Spawn XP percentage of total XP
 D = Spawn monster count
 E = Non-spawn monster count
 F = Spawn count percentage of total count
 G = Total turns spent on level
                    A         B        C        D         E        F      G
               +---------+---------+-------+---------+---------+-------+---------
         Total |       0 |  135228 |   0.0 |       0 |     659 |   0.0 | 22412
               +---------+---------+-------+---------+---------+-------+---------
           D:1 |       0 |      22 |   0.0 |       0 |      14 |   0.0 |  1047
           D:2 |       0 |      61 |   0.0 |       0 |      12 |   0.0 |   808
           D:3 |       0 |     176 |   0.0 |       0 |      30 |   0.0 |  1302
           D:4 |       0 |    1094 |   0.0 |       0 |      36 |   0.0 |  1855
           D:5 |       0 |     808 |   0.0 |       0 |      14 |   0.0 |  1216
           D:6 |       0 |    1656 |   0.0 |       0 |      16 |   0.0 |   751
           D:7 |       0 |     732 |   0.0 |       0 |      14 |   0.0 |   585
           D:8 |       0 |     518 |   0.0 |       0 |      18 |   0.0 |   784
           D:9 |       0 |    3228 |   0.0 |       0 |      41 |   0.0 |  1151
          D:10 |       0 |    4470 |   0.0 |       0 |      25 |   0.0 |  1185
          D:11 |       0 |    5733 |   0.0 |       0 |      33 |   0.0 |   981
          D:12 |       0 |    6701 |   0.0 |       0 |      49 |   0.0 |  1991
          D:13 |       0 |    6747 |   0.0 |       0 |      31 |   0.0 |  1341
          D:14 |       0 |   25458 |   0.0 |       0 |      74 |   0.0 |  1427
          D:15 |       0 |   14045 |   0.0 |       0 |      34 |   0.0 |  1404
         Orc:1 |       0 |    4237 |   0.0 |       0 |      25 |   0.0 |   813
         Orc:2 |       0 |   14120 |   0.0 |       0 |      86 |   0.0 |  1353
         Elf:1 |       0 |   23110 |   0.0 |       0 |      44 |   0.0 |   471
        Bailey |       0 |    2331 |   0.0 |       0 |      26 |   0.0 |  1167
    Desolation |       0 |   19981 |   0.0 |       0 |      37 |   0.0 |   573
               +---------+---------+-------+---------+---------+-------+---------
